 Dungeon Crawl Stone Soup version 0.30-a0-359-gd0147acb1a (webtiles) character file.

Game seed: 9685389084867648884

1885 Lambsauce the Cleaver (level 8, -1/71 HPs)
             Began as a Minotaur Fighter on Nov 11, 2022.
             Killed from afar by a steam dragon (21 damage)
             ... with a ball of steam
             ... on level 7 of the Dungeon.
             The game lasted 00:09:42 (5921 turns).

Lambsauce the Cleaver (Minotaur Fighter)            Turns: 5921, Time: 00:09:42

Health: -1/71      AC:  9    Str: 24    XL:     8   Next: 92%
Magic:  7/7        EV: 10    Int:  3    God:
Gold:   350        SH:  4    Dex:  9    Spells: 7/7 levels left

rFire   . . .      SeeInvis .    a - +0 war axe
rCold   . . .      Faith    .    c - +0 buckler
rNeg    . . .      Spirit   .    b - +0 scale mail
rPois   .          Reflect  .    (helmet restricted)
rElec   .          Harm     .    (no cloak)
rCorr   .          Rampage  .    n - +0 pair of gloves
Will    .....                    (no boots)
Stlth   ..........               (no amulet)
HPRegen 0.31/turn                (no ring)
MPRegen 0.10/turn                (no ring)

@: no status effects
A: horns 2, retaliatory headbutt, dopey 1
a: no special abilities


You were on level 7 of the Dungeon.
You visited 1 branch of the dungeon, and saw 7 of its levels.

You collected 350 gold pieces.

Inventory:

Hand Weapons
 a - a +0 war axe (weapon)
Armour
 b - a +0 scale mail (worn)
 c - a +0 buckler (worn)
 n - a +0 pair of gloves (worn)
Wands
 o - a wand of flame (25)
Scrolls
 g - a scroll of identify
 k - 2 scrolls of amnesia
 l - a scroll of teleportation
Potions
 d - 2 potions of might
 e - a potion of flight
 f - a potion of cancellation
 h - 2 potions of attraction
 i - a potion of degeneration {unknown}
 j - 3 potions of haste


   Skills:
 + Level 6.6 Fighting
 + Level 9.5 Axes
 + Level 7.9 Armour
 + Level 3.1 Dodging
 + Level 1.2 Stealth
 + Level 4.8 Shields
 + Level 0.3 Evocations


You had 7 spell levels left.
You didn't know any spells.
Your spell library contained the following spells:

 Spells                   Type           Power      Damage    Failure   Level
 Apportation              Tloc           0%         N/A       86%         1
 Ignite Poison            Fire/Tmut/Pois 0%         N/A       99%         3
 Sticky Flame             Conj/Fire      0%         2d3       100%        4
 Alistair's Intoxication  Tmut/Pois      0%         N/A       100%        5
 Ignition                 Fire           0%         3d3       100%        8


Dungeon Overview and Level Annotations

Branches:
Dungeon (7/15)             Temple (0/1) D:4

Altars:
Ashenzari
Cheibriados
Makhleb
Okawaru
Qazlal
Sif Muna
Xom

Shops:
D:1 (   D:3 (


Innate Abilities, Weirdness & Mutations

You have a pair of horns on your head.
You reflexively headbutt those who attack you in melee.
You are dopey. (Int -2)


Message History

i - an amethyst potion A steam dragon and an iguana come into view.
The iguana hisses angrily.
The steam dragon breathes steam at you. The ball of steam misses you.
The iguana moves out of view.
You hear an angry growl.
You're standing in a cloud of steam!
You are engulfed in a cloud of scalding steam.
You are engulfed in a cloud of scalding steam.
A black bear comes into view.
There is a broken altar of Ashenzari here.
The black bear growls angrily.
Found a fuming yellow potion.
Found a shimmering blue altar of Sif Muna.
You closely miss the black bear. Your headbutt misses the black bear.
You hit the iguana.
You are engulfed in a cloud of scalding steam.
The iguana is engulfed in a cloud of scalding steam.
The iguana dies!
The black bear is engulfed in a cloud of scalding steam.
You block the black bear's attack. The black bear claws you.
The black bear closely misses you.
You slash the black bear! Your headbutt misses the black bear.
The black bear is severely wounded.
You hit the steam dragon. The steam dragon closely misses you.
The steam dragon claws you. You block the black bear's attack.
The black bear claws you but does no damage.
The black bear claws you.
The black bear goes berserk!
The steam dragon breathes steam at you. The ball of steam hits you!!
You slash the black bear!
The black bear is almost dead.
You hit the steam dragon.
You are engulfed in a cloud of scalding steam.
The black bear bites you!
* * * LOW HITPOINT WARNING * * *
The black bear misses you. The black bear barely misses you.
The steam dragon breathes steam at you. The ball of steam hits you!!
You die...

#.# #.#!._.
###.#....
#...#.⌠.##
#...#....##
#...#.._..#
#...# ....#
#.⌠.###hD.#
#....#.@..#
#.._..§_..#
##...♣.§.##
##.....##
#######


You could see a steam dragon (catching breath) and a black bear (berserk).

Vanquished Creatures
  Pikel (D:6)
  3 water moccasins
  2 ice beasts
  An orc warrior (D:7)
  2 ogres
  2 necrophages (D:6)
  A scorpion (D:5)
  2 hounds
  2 jellies
  4 orc priests (D:5)
  An iguana (D:4)
  3 orc wizards
  7 adders
  2 shadow imps (D:6)
  A white imp (D:6)
  An ufetubus (D:6)
  4 dart slugs
  12 orcs
  5 ball pythons
  3 endoplasms
  5 giant cockroaches
  12 goblins
  5 hobgoblins
  2 jackals (D:1)
  4 quokkas
  6 bats
  3 frilled lizards
  6 kobolds
  A quokka zombie (D:5)
  3 rats
  A rat zombie (D:5)
107 creatures vanquished.

Vanquished Creatures (others)
  An iguana (D:7)
1 creature vanquished.

Grand Total: 108 creatures vanquished

Notes
Turn   | Place    | Note
-------+----------+-------------------------------------------
     0 | D:1      | Lambsauce the Minotaur Fighter began the quest for the Orb.
     0 | D:1      | Reached XP level 1. HP: 19/19 MP: 0/0
   229 | D:1      | Found Leaxzeitt's Weapon Emporium.
   253 | D:1      | Reached XP level 2. HP: 20/27 MP: 1/1
   398 | D:1      | Found a faded altar of an unknown god.
   655 | D:2      | Reached XP level 3. HP: 33/33 MP: 2/2
   880 | D:2      | Reached skill level 3 in Axes
  1102 | D:2      | Found a burning altar of Makhleb.
  1219 | D:3      | Found a shimmering altar of Xom.
  1220 | D:3      | Found a shimmering altar of Xom.
  1220 | D:3      | Found a shimmering altar of Xom.
  1220 | D:3      | Found a shimmering altar of Xom.
  1220 | D:3      | Found a shimmering altar of Xom.
  1221 | D:3      | Found a shimmering altar of Xom.
  1221 | D:3      | Found a shimmering altar of Xom.
  1230 | D:3      | Found a shimmering altar of Xom.
  1373 | D:3      | Found a stormy altar of Qazlal.
  1610 | D:3      | Noticed a water moccasin
  1635 | D:3      | Killed a water moccasin
  1636 | D:3      | Reached skill level 4 in Axes
  1636 | D:3      | Reached skill level 5 in Armour
  1636 | D:3      | Reached skill level 1 in Dodging
  1636 | D:3      | Reached XP level 4. HP: 22/40 MP: 3/3
  1636 | D:3      | Reached XP level 5. HP: 25/46 MP: 4/4
  1773 | D:3      | Found Hol Moic's Antique Weapon Shoppe.
  1849 | D:3      | Gained mutation: You are dopey. (Int -2) [potion of
                  | mutation]
  2534 | D:4      | Reached XP level 6. HP: 38/53 MP: 5/5
  2698 | D:4      | Found a staircase to the Ecumenical Temple.
  2956 | D:5      | Entered Level 5 of the Dungeon
  2987 | D:5      | Reached skill level 5 in Axes
  3069 | D:5      | Noticed an ice beast
  3080 | D:5      | Killed an ice beast
  3395 | D:5      | Reached skill level 6 in Axes
  3395 | D:5      | Reached XP level 7. HP: 60/60 MP: 6/6
  3466 | D:5      | Reached skill level 5 in Fighting
  4008 | D:6      | Reached skill level 7 in Axes
  4008 | D:6      | Reached skill level 1 in Stealth
  4235 | D:6      | Noticed Pikel
  4241 | D:6      | Killed Pikel
  4242 | D:6      | Reached skill level 8 in Axes
  4242 | D:6      | Reached XP level 8. HP: 43/70 MP: 7/7
  5220 | D:6      | Reached skill level 9 in Axes
  5901 | D:7      | Found a snail-covered altar of Cheibriados.
  5908 | D:7      | Found a broken altar of Ashenzari.
  5911 | D:7      | Found an iron altar of Okawaru.
  5918 | D:7      | Found a shimmering blue altar of Sif Muna.
  5921 | D:7      | Killed from afar by a steam dragon

Illustrated notes

Levels and vault maps discovered:
D:1:      dpeg_arrival_shrine, layout_loops_cross, serial_shops, shop,
          ebering_ecumenical_altar_petrified, chequers_serial_rivers_micro_e
D:2:      layout_rooms, basic_altar, amcnicky_mini_corridor_feature
D:3:      layout_loops_ring, mainiacjoe_overflow_surrounded_room,
          xom_redecorated, serial_shops, shop_fountains, feat_on_display
D:4:      layout_loops_ring, minmay_temple_entry_nine_rooms
D:5:      layout_loops_ring, enter_ossuary_4
D:6:      layout_gridville, grunt_ministairs_4, uniq_pikel
D:7:      layout_loops_ring, nicolae_overflow_hallway_of_the_gods,
          enter_bailey_4, nicolae_figureground_sparkle

Skill      XL: |  1  2  3  4  5  6  7  8 |
---------------+-------------------------+-----
Armour         | 4 5 6 7 |  7.9
Fighting       | 4 5 6 |  6.6
Axes           | 4 6 8 9 |  9.5
Dodging        | 1 2 3 |  3.1
Shields        | 4 |  4.8
Stealth        | 1 |  1.2
Evocations     | |  0.3

Action                   |  1- 3 |  4- 6 |  7- 9 || total
-------------------------+-------+-------+-------++-------
Melee: War axe           |    91 |    65 |   117 ||   273
       Headbutt          |    12 |    19 |    20 ||    51
Evoke: Wand              |       |       |     2 ||     2
  Use: Scroll            |     7 |     2 |     5 ||    14
       Potion            |     3 |     4 |     4 ||    11
Armor: Scale mail        |    41 |    21 |    54 ||   116
Dodge: Dodged            |    56 |    28 |    47 ||   131
Block: Buckler           |    21 |    12 |    18 ||    51

Table legend: (Time is in decaauts)
 A = Elapsed time spent in this place.
 B = Non-inter-level travel time spent in this place.
 C = Inter-level travel time spent in this place.
 D = Time resting spent in this place.
 E = Time spent auto-exploring this place.
 F = Levels seen in this place.
 G = Mean time per level.
                   A        B        C        D        E       F      G
               +--------+--------+--------+--------+--------+-----+--------+
         Total |   6005 |   5841 |    164 |   1183 |   3796 |   7 |  857.9 |
       Dungeon |   6005 |   5841 |    164 |   1183 |   3796 |   7 |  857.9 |
               +--------+--------+--------+--------+--------+-----+--------+

Top non-repeatable levels by time:
     D:6: 1753 daAuts
     D:3: 1101 daAuts
     D:5: 1047 daAuts
     D:4: 668 daAuts
     D:1: 653 daAuts
     D:2: 582 daAuts
     D:7: 197 daAuts
